 Dungeon Crawl Stone Soup version 0.20.0-15-g7f486f2 (webtiles) character file.

151 greprep the Ruffian (level 5, -1/46 HPs)
             Began as a Ghoul Monk on June 26, 2017.
             Hit by a stone thrown by a gnoll (4 damage)
             ... on level 3 of the Dungeon.
             The game lasted 00:03:56 (2351 turns).

greprep the Ruffian (Ghoul Monk)                    Turns: 2351, Time: 00:03:57

Health: -1/46      AC:  2    Str: 16    XL:     5   Next: 33%
Magic:  4/4        EV: 13    Int:  5    God:
Gold:   173        SH:  0    Dex: 11    Spells: 4/4 levels left

rFire    . . .     SeeInvis .     - Unarmed
rCold    + . .     Gourm    .   (no shield)
rNeg     + + +     Faith    .   a - +0 robe
rPois    ∞         Spirit   .   (no helmet)
rElec    .         Reflect  .   (no cloak)
rCorr    .         Harm     .   (no gloves)
MR       .....                  (no boots)
Stlth    ++........             (no amulet)
Regen    0.0/turn               (no ring)
MPRegen  0.1/turn               (no ring)

@: rotting
A: rotting body, claws 1, carnivore 3, cold resistance 1, negative energy
resistance 3, inhibited regeneration, torment resistance, unbreathing
a: no special abilities


You were on level 3 of the Dungeon.
You were not hungry.

You visited 1 branch of the dungeon, and saw 3 of its levels.

You collected 173 gold pieces.

Inventory:

Armour
 a - a +0 robe (worn)
Jewellery
 e - an uncursed amulet of the gourmand {unknown}
Scrolls
 d - 3 scrolls of enchant weapon {unknown}
 f - 6 scrolls of amnesia {unknown}
 h - a scroll of blinking {unknown}
 j - 3 scrolls of identify {unknown}
 k - 2 scrolls of fog {unknown}
 q - a scroll of teleportation {unknown}
 s - a scroll of recharging {unknown}
 u - 2 scrolls of noise {unknown}
Potions
 c - a potion of curing {unknown}
 g - a potion of might {unknown}
 i - 2 potions of invisibility {unknown}
 l - a potion of mutation {unknown}
 m - 2 potions of magic {unknown}
 n - a potion of berserk rage {unknown}
 o - a potion of ambrosia {unknown}
 p - a potion of degeneration {unknown}
 r - a potion of lignification {unknown}
 t - a potion of agility {unknown}
Comestibles
 b - 3 meat rations


   Skills:
 + Level 4.2 Fighting
 + Level 3.8 Dodging
 - Level 2.2 Stealth
 + Level 4.7 Unarmed Combat


You had 4 spell levels left.
You didn't know any spells.

Dungeon Overview and Level Annotations

Branches:
Dungeon (3/15)

Altars:
Uskayaw
Vehumet


Innate Abilities, Weirdness & Mutations

Your body is rotting away.
You thrive on raw meat.
You are immune to poison.
You have sharp fingernails.
You are carnivorous and can eat meat at any time.
Your flesh is cold resistant. (rC+)
You are immune to negative energy. (rN+++)
You do not regenerate when monsters are visible.
You are immune to unholy pain and torment.
You can survive without breathing.


Message History

The bat closely misses you. The bat hits you but does no damage.
The bat closely misses you. The bat completely misses you. x2
The bat hits you. The bat barely misses you. The bat barely misses you.
The bat hits you but does no damage.
You scratch the bat.
You kill the bat!
The gnoll hits you from afar with a spear.
Unknown command.
The gnoll throws a stone.
The stone hits you.
* * * LOW HITPOINT WARNING * * *
You see here a stone.
The gnoll throws a stone.
The stone barely misses you.
The gnoll throws a stone.
The stone hits you!
* * * LOW HITPOINT WARNING * * *
You see here a stone.
The gnoll throws a stone.
The stone hits you.
You die...

#........########
.................
#........######## #...###'##.)..#
....# #.##.##.### .####
#.##......# .## #.####.##.# ..#
#.# #.#..######## #..
#.#####.####.#..@....((# #.#
.............#..######g# #.#
##.####.######.......#.# #.#
##..# #.# ###...##.#.# ##.##
###.# #.# #......#.#.# ...#
.#..###.#####.###....#g#######..#
.#....#.##.........###g..gg.....#
.#....#.##....###.....#########)#
<'............# #.##...# #..g#


You could see a gnoll.

Vanquished Creatures
  Terence (D:3)
  Ijyb (D:3)
  A gnoll (D:3)
  4 adders
  3 worms
  3 leopard geckos (D:2)
  7 bats
  3 giant cockroaches
  5 goblins
  3 hobgoblins (D:2)
  3 jackals (D:1)
  2 kobolds (D:2)
  A ball python (D:2)
  5 frilled lizards
  4 rats
46 creatures vanquished.

Notes
Turn   | Place    | Note
-------+----------+-------------------------------------------
     0 | D:1      | greprep the Ghoul Monk began the quest for the Orb.
     0 | D:1      | Reached XP level 1. HP: 19/19 MP: 0/0
   191 | D:1      | Reached XP level 2. HP: 23/23 MP: 1/1
   782 | D:2      | Found a radiant altar of Vehumet.
   795 | D:2      | Found a hide-covered altar of Uskayaw.
   956 | D:2      | Reached XP level 3. HP: 13/30 MP: 2/2
  1696 | D:2      | Reached XP level 4. HP: 32/40 MP: 3/3
  2070 | D:3      | Noticed Terence
  2085 | D:3      | Killed Terence
  2241 | D:3      | Reached XP level 5. HP: 44/46 MP: 4/4
  2301 | D:3      | Noticed Ijyb
  2326 | D:3      | Killed Ijyb
  2346 | D:3      | HP: 2/46 [gnoll/stone (7)]
  2351 | D:3      | Hit by a stone thrown by a gnoll

Skill      XL: |  1  2  3 |
---------------+----------+-----
Dodging        | 3 |  3.8
Fighting       | 4 |  4.2
Unarmed Combat | 4 |  4.7
Stealth        | |  2.2

Action                   |  1- 3 |  4- 6 || total
-------------------------+-------+-------++-------
Melee: Unarmed           |   101 |    79 ||   180
       Punch             |     1 |       ||     1
 Stab: Sleeping          |     4 |     2 ||     6
  Eat: Chunk             |    17 |    12 ||    29
Armor: Robe              |    20 |    19 ||    39
Dodge: Dodged            |    86 |    75 ||   161
